healhack, neutral female sylph Healer --- ---- --.-- |..-- |...| ---- ----- |...| --..---- --..| ----|...| ---...| |.....--- |...| ----- |..--...| --...--- |.......-- --..| |...| |.....-------..--- ---- --........| --.---...--|...--- --.|...--- --..| -------.....--..-----.........|)..-----........-- |...| |..--......--|...)--............-............-..| |...--- |.........----..)....................G..........-- -....| ---- --.--.....| |....h...)..........%................-- --....----..| -----...-- -....lE.............[.................| |...........| |....||......--...........).<..........%.G..-- |.......----- ---.---.....----.........(.........G..---...| ---.....-- ---...--..| --...^..........---.....----..------------- |.......| |..- ------.........................................| ---.|.--.-- --- |.....---------..----......---------------..--|...|----- |.....| ---- --.|..-- |...--.--- ---..-- ------ --.....| ---- ------- healhack the Embalmer Experience level: 7 Strength: 11 Dexterity: 9 Constitution: 16 Intelligence: 11 Wisdom: 20 Charisma: 16 Health: 0(55) Energy: 60(60) Def: 2 Gold: 0 Moves: 8563 Dungeon seed: w28W8623dAJ6KCuK Game ID: healhack_1446572153 Your Inventory: Amulets T - an uncursed amulet of reflection (being worn) Weapons a - an uncursed +0 scalpel (weapon in hand) c - 2 uncursed +0 elven daggers V - 11 uncursed +0 daggers Armor e - an uncursed +0 Hawaiian shirt (being worn) E - a blessed +2 dwarvish cloak (being worn) Rings J - a cursed -1 ring of increase damage Wands g - an uncursed wand of sleep (0:6) i - an uncursed wand of lightning (0:2) u - an uncursed wand of digging (0:3) C - an uncursed wand of digging (0:2) Tools b - an uncursed stethoscope k - an uncursed skeleton key B - an uncursed bag of holding I - an uncursed lock pick Gems n - an uncursed worthless piece of white glass Contents of the bag of holding: 2126 gold pieces 15 uncursed +0 darts 12 cursed -1 darts an uncursed +0 dwarvish cloak an uncursed +0 dwarvish cloak an uncursed +0 dwarvish cloak an uncursed +0 dwarvish cloak an uncursed +0 dwarvish cloak an uncursed +0 dwarvish cloak an uncursed +0 dwarvish mithril-coat an uncursed +1 pair of gauntlets of power an uncursed +0 pair of water walking boots 5 uncursed apples an uncursed carrot an uncursed cram ration an uncursed cream pie 13 blessed eucalyptus leaves an uncursed eucalyptus leaf 3 uncursed food rations 2 uncursed fortune cookies 2 uncursed sprigs of wolfsbane 5 uncursed tripe rations 3 uncursed scrolls of blank paper a cursed potion of gain level a blessed potion of oil an uncursed wand of cold (0:7) an uncursed wand of light (0:0) a cursed wand of sleep (0:7) an uncursed wand of striking (0:6) an uncursed lock pick an uncursed magic harp (0:0) an uncursed magic marker (0:60) an uncursed +0 pick-axe named noncursed an uncursed stethoscope 2 blessed tallow candles (0:200) 3 uncursed wax candles (0:400) a cursed wax candle (0:400) an uncursed amber stone an uncursed worthless piece of black glass 3 uncursed worthless pieces of blue glass an uncursed worthless piece of green glass an uncursed worthless piece of orange glass an uncursed worthless piece of violet glass 2 uncursed worthless pieces of white glass an uncursed worthless piece of yellowish brown glass Spells and supernatural/magical abilities: Name Level Category Fail Memory h - healing 1 healing 0% 58% x - extra healing 3 healing 14% 58% S - stone to flesh 3 healing 30% 58% W - pray for help -- divine ? -- Your skills at the end: Miscellaneous Skills wands [Basic] Weapon Skills knife [Skilled] dart [Basic] Spellcasting Skills healing spells [Basic] Final Attributes: You were fervently aligned. You were poison resistant. You saw invisible. You were telepathic. You had infravision. You were stealthy. You were protected from shape changers. You were fast. You had reflection. You are dead. Vanquished creatures: 2 giant mimics a small mimic a leprechaun a brown pudding a dwarf lord a gnome mummy a snake an ape 2 bugbears an imp 2 baby crocodiles a wood nymph 2 orc shamans 3 rock moles a rock piercer a fog cloud 2 shriekers 2 gnome lords 3 gnomish wizards 3 kobold mummies a red naga hatchling a black naga hatchling 2 guardian naga hatchlings a gray ooze 2 elf zombies a straw golem 3 paper golems 2 giant ants a little dog 3 floating eyes a kitten 14 dwarves 2 kobold lords 4 kobold shamans 3 iguanas 2 hill orcs 2 rothes a rabid rat a giant bat a monkey 3 orc zombies 2 werejackals 5 coyotes 7 hobbits an acid blob a large kobold 5 geckos 5 giant rats 4 cave spiders a brown mold a yellow mold a red mold 22 gnomes 3 garter snakes a gnome zombie 11 jackals 4 foxes 2 kobolds 13 newts 4 goblins 3 sewer rats 13 grid bugs 7 lichens 5 kobold zombies 204 creatures vanquished. Voluntary challenges: You had followed a strict vegan diet until turn 4807. You had followed a strict vegetarian diet until turn 4807. You had been an atheist until turn 7064. You used a wielded weapon 520 times, starting on turn 8. You did not apply a unicorn horn. You read items or engraved 6 times, starting on turn 2726. You never genocided any monsters. You never polymorphed an object. You changed form 1 time, starting on turn 8487. You completed Sokoban on turn 5674, according to the rules. You used no wishes. You never split a pudding. You wrote Elbereth's name 6 times, starting on turn 2726. You violated your moral code, losing 2 points of alignment, starting on turn 3168. Dungeon overview: The Dungeons of Doom: levels 1 to 7 Level 1 a long staircase Level 2 a general store, some fountains stairs to The Gnomish Mines Level 3 an armor shop, a fountain Level 4 Level 5 (delphi, FIQ bones, soldier a) Level 6 some fountains stairs to Sokoban Level 7 The Gnomish Mines: levels 3 to 9 Level 3 stairs to The Dungeons of Doom Level 4 Level 5 some shops, a temple to Hermes, a magic chest, some fountains Level 6 Level 7 Level 8 <- You were here Level 9 Sokoban: levels 2 to 5 Level 2 a magic chest Level 3 Level 4 Level 5 a magic chest stairs to The Dungeons of Doom History has recorded: On T:1 you entered the Dungeons of Doom to retrieve the Amulet of Yendor! On T:271 you reached level 2 of The Dungeons of Doom. On T:378 you advanced to experience level 2. On T:487 you reached level 3 of The Dungeons of Doom. On T:718 you reached level 1 of The Gnomish Mines. On T:869 you reached level 4 of The Dungeons of Doom. On T:1183 you advanced to experience level 3. On T:1315 you reached level 5 of The Dungeons of Doom. On T:1630 you reached level 6 of The Dungeons of Doom. On T:1795 you reached level 7 of The Dungeons of Doom. On T:1826 you reached level 4 of Sokoban. On T:1939 you advanced to experience level 4. On T:2087 you opened a magic chest. On T:2093 you opened a magic chest. On T:2094 you opened a magic chest. On T:2095 you opened a magic chest. On T:2399 you reached level 3 of Sokoban. On T:2760 you advanced to experience level 5. On T:3671 you reached level 2 of Sokoban. On T:4290 you advanced to experience level 6. On T:4740 you reached level 1 of Sokoban. On T:5674 you advanced to experience level 7. On T:5674 you entered the Sokoban zoo. On T:5739 you opened a magic chest. On T:5739 you opened a magic chest. On T:5866 you opened a magic chest. On T:6482 you reached level 2 of The Gnomish Mines. On T:6822 you reached level 3 of The Gnomish Mines. On T:7051 you entered the Minetown temple On T:7148 you opened a magic chest. On T:7283 you opened a magic chest. On T:7460 you reached level 4 of The Gnomish Mines. On T:7597 you opened a magic chest. On T:7602 you opened a magic chest. On T:7752 you reached level 5 of The Gnomish Mines. On T:7909 you reached level 6 of The Gnomish Mines. On T:8414 you reached level 7 of The Gnomish Mines. Score breakdown: Gold: 1071 ( 107 points) Experience: 7 levels ( 600 points) Exploration: 9 levels ( 240 points) Discoveries: 13 items ( 650 points) Variety of kills: 64 monsters ( 2000 points) Major goal: finished Sokoban ( 1000 points) Survival: died (score multiplied by 3) Total score: 13791 Latest messages: You put a yellowish brown gem into the bag called holding. You put 2 blue gems into the bag called holding. You put a black gem into the bag called holding. You put a yellowish brown gem into the bag called holding. You put a green gem into the bag called holding. You put 2 white gems into the bag called holding. You put a cursed white potion into the magic chest. You put a cursed potion called cloudy (obj det?) into the magic chest. You put a cursed ruby potion into the magic chest. You put a blessed potion called cloudy (obj det?) into the magic chest. You put a blessed dark green potion into the magic chest. You put a cursed granite ring into the magic chest. You put an uncursed sapphire ring into the magic chest. You put an uncursed silver ring into the magic chest. You put an uncursed brass ring into the magic chest. You slash the dwarf lord. The dwarf lord is almost dead. The dwarf lord thrusts his stout spear. The dwarf lord jabs you! The dwarf lord thrusts his stout spear. The dwarf lord jabs you! You die... Final status: Goodbye healhack the Healer, killed by a dwarf lord... You died in The Gnomish Mines on dungeon level 8 with 13791 points, and 2126 pieces of gold, after 8563 moves. You were level 7 with a maximum of 55 hit points when you died.